Construct Section Command Post
Selects Heavy Armor Battlegroup
Construct Field Infirmary
Construct Platoon Command Post
Selects Rigorous Vehicle Training
Selects Forward Repair Assembly
Selects Light Vehicle Withdraw and Refit
Unlock Bishop Self-propelled Artillery
6-pounder Anti-tank Gun Team
Construct Company Command Post
Bishop Self-propelled Artillery
Selects Designate Targets
Selects UNKNOWN (2162094)
Light Vehicle Withdraw and Refit